 Dungeon Crawl Stone Soup version 0.28.0-53-g5a82cb258f (webtiles) character file.

Game seed: 18305409329289533526

41 DocClef the Skirmisher (level 3, 0/35 HPs)
             Began as a Draconian Fighter on June 29, 2022.
             Slain by a gnoll
             ... wielding a +0 whip
              (4 damage)
             ... on level 1 of the Dungeon.
             The game lasted 00:01:06 (1277 turns).

DocClef the Skirmisher (Draconian Fighter)          Turns: 1277, Time: 00:01:07

Health: 0/35       AC:  9    Str: 20    XL:     3   Next: 32%
Magic:  3/3        EV: 11    Int:  8    God:
Gold:   33         SH:  4    Dex: 10    Spells: 2/2 levels left

rFire   . . .      SeeInvis .   a - +0 flail
rCold   . . .      Faith    .   b - +0 buckler
rNeg    . . .      Spirit   .   (armour unavailable)
rPois   .          Reflect  .   (helmet restricted)
rElec   .          Harm     .   (no cloak)
rCorr   .          Rampage  .   (no gloves)
Will    .....                   (no boots)
Stlth   +.........              (no amulet)
HPRegen 0.11/turn               g - +4 ring of protection
MPRegen 0.08/turn               (no ring)

@: no status effects
A: AC +5, unfitting armour, cold-blooded
a: no special abilities


You were on level 1 of the Dungeon.
You visited 1 branch of the dungeon, and saw 2 of its levels.

You collected 33 gold pieces.

Inventory:

Hand Weapons
 a - a +0 flail (weapon)
Armour
 b - a +0 buckler (worn)
Jewellery
 g - a +4 ring of protection (left hand)
Scrolls
 d - 2 scrolls of enchant weapon {unknown}
 e - a scroll of identify {unknown}
 h - a scroll of summoning {unknown}
 i - a scroll of fog {unknown}
Potions
 c - a potion of might
 f - a potion of invisibility {unknown}


   Skills:
 + Level 4.9 Fighting
 - Level 2.0 Maces & Flails
 - Level 2.6 Dodging
 - Level 3.0 Shields


You had 2 spell levels left.
You didn't know any spells.
Your spell library was empty.

Dungeon Overview and Level Annotations

Branches:
Dungeon (2/15)

Altars:


Innate Abilities, Weirdness & Mutations

Your plain brown scales are hard. (AC +5)
You cannot fit into any form of body armour.
You are cold-blooded and may be slowed by cold attacks.


Message History

Found 19 stones.
The gnoll throws a throwing net.
The throwing net misses you.
The gnoll shouts!
You hear a shout!
The gnoll misses you.
You closely miss the gnoll. The gnoll hits you but does no damage.
The gnoll barely misses you.
You hit the gnoll.
The gnoll is lightly wounded.
The gnoll hits you but does no damage.
You sock the gnoll!
The gnoll is severely wounded.
The gnoll barely misses you. You block the gnoll's attack.
The gnoll hits you but does no damage.
You sock the gnoll!
You kill the gnoll!
The gnoll hits you from afar with a +1 vorpal spear.
The gnoll throws a throwing net.
The throwing net closely misses you.
You see here a throwing net.
The gnoll hits you with a +0 whip!
The gnoll hits you from afar with a +1 vorpal spear.
You block the gnoll's attack.
The gnoll throws a throwing net.
The throwing net hits you.
You become entangled in the net!
There is a stone staircase leading up here.
You see here a throwing net.
You tear a large gash into the net.
The gnoll hits you with a +0 whip.
The gnoll hits you from afar with a +1 vorpal spear.
You struggle against the net.
The gnoll hits you from afar with a +1 vorpal spear.
You rip the net and break free!
The gnoll hits you with a +0 whip.
* * * LOW HITPOINT WARNING * * *
You block the gnoll's attack. The gnoll misses you.
The gnoll closely misses you.
You climb upwards.
There is a stone staircase leading down here.
You hit the gnoll but do no damage. The gnoll hits you with a +0 whip.
* * * LOW HITPOINT WARNING * * *
You block the gnoll's attack.
You barely miss the gnoll.
Your tail-slap misses the gnoll.
The gnoll hits you with a +0 whip.
You die...

##.###.# #.# #.# ###
#.# #.# #.# ##### #.#
#.# #.# #.... #.#
#.######.# #.### #.#
#........####.###
#.###....####........
#†##........#.###.###
#.#.......#.......###
#..)@g...............
###.........#.#######
#...........#
#........####
#......### #.....##
#######


You could see a gnoll.

Vanquished Creatures
  A gnoll (D:2)
  An adder (D:1)
  A dart slug (D:1)
  3 ball pythons
  2 endoplasms (D:1)
  2 giant cockroaches (D:1)
  A hobgoblin (D:1)
  A jackal (D:1)
  A quokka (D:1)
  3 bats (D:1)
  A frilled lizard (D:2)
  2 kobolds (D:1)
  A rat (D:1)
20 creatures vanquished.

Notes
Turn   | Place    | Note
-------+----------+-------------------------------------------
     0 | D:1      | DocClef the Draconian Fighter began the quest for the Orb.
     0 | D:1      | Reached XP level 1. HP: 19/19 MP: 1/1
   302 | D:1      | Reached skill level 4 in Fighting
   302 | D:1      | Reached XP level 2. HP: 12/27 MP: 2/2
  1109 | D:1      | Reached XP level 3. HP: 27/34 MP: 3/3
  1277 | D:1      | Slain by a gnoll

Illustrated notes

Levels and vault maps discovered:
D:1:      eino_arrival_cavern_a, layout_loops_ring, minmay_ruptured
D:2:      minmay_spotlight, layout_rooms, basic_ecumenical_altar

Skill      XL: |  1 |
---------------+----+-----
Fighting       | 4 |  4.9
Maces & Flails | |  2.0
Dodging        | |  2.6
Shields        | |  3.0

Action                   || total
-------------------------++-------
Melee: Flail             ||    67
       Tailslap          ||     7
Armor: Skin              ||    41
Dodge: Dodged            ||    67
Block: Buckler           ||    20
